 Dungeon Sprint DCSS version 0.17-a0-1741-gd5e8965 (webtiles) character file.

1000000 ztt the Portalist (level 14, -3/135 HPs)
             Began as a Ghoul Warper on Aug 31, 2015.
             Was a Follower of Makhleb.
             Slain by a meat berserker
             ... wielding a +9 battleaxe
              (32 damage)
             ... in the Dungeon (Sprint VIII: "Arena of Blood").
             The game lasted 00:00:15 (10 turns).

ztt the Portalist (Ghoul Warper)                      Turns: 10, Time: 00:00:15

Health: -3/135     AC:  3    Str: 16    XL:     14   Next: 66%
Magic:  2/30       EV: 18    Int:  8    God:    Makhleb [*.....]
Gold:   0          SH:  0    Dex: 12    Spells: 1 memorised, 39 levels left

rFire  . . .     SeeInvis .     k - +∞ Axe of Woe
rCold  + . .     Clarity  .     a - +0 leather armour
rNeg   + + +     SustAt   .     (no shield)
rPois  ∞         Gourm    .     (no helmet)
rElec  .         Spirit   .     (no cloak)
rCorr  .         Warding  .     (no gloves)
rMut   .         NoTele   +     (no boots)
MR     +....                    (no amulet)
Stlth  +.........               (no ring)
                                (no ring)

@: rotting, somewhat resistant to hostile enchantments, very unstealthy
A: rotting body, claws 1, carnivore 3, cold resistance 1, negative energy
resistance 3, slow healing 1, torment resistance, unbreathing
a: Renounce Religion


You were in the Dungeon.
You worshipped Makhleb.
Makhleb was aware of your devotion.
You were not hungry.

You visited 1 branch

Inventory:

Hand weapons
 k - the +∞ Axe of Woe (weapon)
   (You found it in the Dungeon)
Missiles
 d - 5 tomahawks of dispersal (quivered)
Armour
 a - a +0 leather armour (worn)
Scrolls
 c - 2 scrolls of blinking
Potions
 f - a potion of curing
 g - a potion of heal wounds
 h - a potion of haste
 i - 2 potions of magic
 j - a potion of berserk rage
Books
 b - a book of Spatial Translocations

   Spells                             Type                      Level
   a - Apportation                    Translocation                1
   b - Blink                          Translocation                2
   c - Shroud of Golubria             Charms/Translocation         2
   d - Portal Projectile              Translocation                3
   e - Teleport Other                 Translocation                3
   f - Passage of Golubria            Translocation                4
Comestibles
 e - a meat ration


   Skills:
 + Level 15.3 Fighting
 + Level 4.1 Axes
 + Level 5.4 Throwing
 + Level 4.7 Armour
 + Level 12.7 Dodging
 + Level 14.7 Unarmed Combat
 + Level 13.8 Spellcasting
 + Level 23.0 Translocations


You had 39 spell levels left.
You knew the following spells:

 Your Spells              Type           Power        Failure   Level  Hunger
a - Apportation           Tloc           #####.....   0%          1    None


Dungeon Overview and Level Annotations

Branches:
Dungeon (1/1)

Altars:
Makhleb


Innate Abilities, Weirdness & Mutations

Your body is rotting away.
You thrive on raw meat.
You are immune to poison.
You have sharp fingernails.
You are carnivorous and can eat meat at any time.
Your flesh is cold resistant.
You are immune to negative energy.
You heal slowly when monsters are visible.
You are immune to unholy pain and torment.
You can survive without breathing.


Message History

Makhleb accepts your kill.
Your Fighting skill gained 2 levels and is now at level 15!
Your Axes skill gained 2 levels and is now at level 4!
Your Throwing skill increases to level 5!
Your Dodging skill gained 2 levels and is now at level 12!
Your Unarmed Combat skill gained 2 levels and is now at level 14!
Your Spellcasting skill gained 2 levels and is now at level 13!
Your Translocations skill gained 3 levels and is now at level 23!
You have reached level 14!
You hear a shout! x5
The meat berserker appears out of thin air!
A meat berserker comes into view. It is wielding a +9 battleaxe.
You hear a shout! x2
The meat berserker hits you with a +9 battleaxe!!
* * * LOW HITPOINT WARNING * * *
The bag of meat moves out of view.
The meat berserker rages.
You hear a shout! x6
The meat berserker hits you with a +9 battleaxe!!
You die...

........###......
#........_.....
..... #.....# .
......#_.<._# ...
....o.#.....#....
#....o..._.......
.......o###......
...###.O.....###.
#.)@)...#
#......O#
...O.....O.o.
.....o.oo.o..o.
...............
.............##
.Co#.......O#..
oo..........#..


You could see a large bag of meat (inner flame), 5 meat berserkers and 12 bags
of meat.

Vanquished Creatures
  An ogre (D)
  2 orcs (D)
3 creatures vanquished.

Notes
Turn   | Place    | Note
--------------------------------------------------------------
     0 | D        | ztt the Ghoul Warper began the quest for the Orb.
     0 | D        | Reached XP level 1. HP: 17/17 MP: 2/2
     4 | D        | Noticed a bag of meat
     4 | D        | Became a worshipper of Makhleb the Destroyer
     5 | D        | Noticed a bag of meat
     6 | D        | Noticed a meat berserker
     7 | D        | Noticed a bag of meat
     7 | D        | Noticed a meat berserker
     8 | D        | Noticed a bag of meat
     8 | D        | Noticed a bag of meat
     8 | D        | Noticed a bag of meat
     8 | D        | Noticed a bag of meat
     8 | D        | Noticed a bag of meat
     9 | D        | Noticed a bag of meat
     9 | D        | Noticed a bag of meat
     9 | D        | Noticed a bag of meat
     9 | D        | Noticed a bag of meat
     9 | D        | Noticed a meat berserker
     9 | D        | Killed a bag of meat
     9 | D        | Reached skill level 11 in Fighting
     9 | D        | Reached skill level 10 in Spellcasting
     9 | D        | Reached skill level 17 in Translocations
     9 | D        | Reached XP level 2. HP: 20/40 MP: 2/12
     9 | D        | Reached XP level 3. HP: 23/47 MP: 2/13
     9 | D        | Reached XP level 4. HP: 26/55 MP: 2/15
     9 | D        | Reached XP level 5. HP: 28/61 MP: 2/16
     9 | D        | Reached XP level 6. HP: 31/68 MP: 2/18
     9 | D        | Reached XP level 7. HP: 33/74 MP: 2/19
     9 | D        | Reached XP level 8. HP: 36/82 MP: 2/21
     9 | D        | Reached XP level 9. HP: 39/89 MP: 2/22
     9 | D        | Reached XP level 10. HP: 42/96 MP: 2/23
     9 | D        | Reached XP level 11. HP: 45/103 MP: 2/24
     9 | D        | Reached XP level 12. HP: 48/110 MP: 2/25
    10 | D        | Noticed a bag of meat
    10 | D        | Noticed a large bag of meat
    10 | D        | Noticed a meat berserker
    10 | D        | Noticed a bag of meat
    10 | D        | Noticed a bag of meat
    10 | D        | Killed a bag of meat
    10 | D        | Acquired Makhleb's first power
    10 | D        | Reached skill level 10 in Dodging
    10 | D        | Reached skill level 20 in Translocations
    10 | D        | Reached XP level 13. HP: 50/122 MP: 2/27
    10 | D        | Killed a meat berserker
    10 | D        | Reached skill level 15 in Fighting
    10 | D        | Reached skill level 5 in Throwing
    10 | D        | Reached skill level 23 in Translocations
    10 | D        | Reached XP level 14. HP: 53/135 MP: 2/30
    10 | D        | Slain by a meat berserker

Vault maps used:
D:        meatsprint

Action                   |  1- 3 |  4- 6 |  7- 9 | 10-12 | 13-15 || total
-------------------------+-------+-------+-------+-------+-------++-------
Melee: Executioner's axe |     1 |       |       |     1 |       ||     2
